cohdb
Replays
Latest Replays
All Replays
Popular Replays
Top Player Replays
Match Explorer
How It Works
Community
CoH3 Stats
Reddit
Sign in to upload your games and track your stats! →
Sign in with Steam
Match 42077056
Unlisted
Match 42077056
Overview
Messages
Build Orders
End
Construct Section Command Post
Selects Australian Defense Battlegroup
Selects Australian Light Infantry Section
Australian Light Infantry Section
Infantry Section
Infantry Section
Infantry Section
Grenade Package
Vickers Machine Gun Team
Construct Field Infirmary
Construct Platoon Command Post
6-pounder Anti-tank Gun Team
Royal Engineer Section
Unlock Bishop Self-propelled Artillery
Selects Defensive Tactics
Bishop Self-propelled Artillery
6-pounder Anti-tank Gun Team
Selects Hold the Line!
Greenpath
Ark Royal
Saueee
Lieutenant Guy
0
0
Comments
sign in to comment!
No comments posted yet!